AoeStats
← ThunderboltX

Arabia

509776027Analyzed
1v1 RM · 6d ago on Sep 28, 2026· 48m 50s· 2 players
Game mode
Random Map
Map size
Tiny (2 player)
Population
200
Speed
Normal
Resources
Standard
Victory
Conquest
Starting age
Dark Age
Ending age
Imperial Age
RankedLock teamsTeams togetherTeam positionsShared explorationLock speedFull tech treeHidden civsTurbo modeCheats
Victory
Defeat
🇧🇬 Chinese · Bulgaria
2378
+17
🇲🇽 Tupi · Mexico
2407
-17
ThunderboltX
0:25 Loom
9:12 Feudal Age
11:10 Double-Bit Axe
19:11 Castle Age
17:31 Fletching
17:24 Horse Collar
17:58 Gold Mining
19:14 Elite Skirmisher
19:51 Bodkin Arrow
20:08 Bow Saw
19:36 Crossbowman
20:41 Padded Archer Armor
21:38 Leather Archer Armor
25:03 Ballistics
32:19 Wheelbarrow
31:51 Stone Mining
35:00 Thumb Ring
35:34 Heavy Plow
35:52 Hand Cart
36:07 Husbandry
36:21 Bloodlines
40:10 Imperial Age
38:24 Man-at-Arms
40:55 Scale Barding Armor
41:00 Forging
41:00 Bracer
42:01 Chemistry
42:20 Ring Archer Armor
42:12 Conscription
42:10 Scale Barding Armor
42:15 Forging
43:26 Gold Shaft Mining
43:26 Stone Shaft Mining
43:54 Two-Man Saw
43:05 Light Cavalry
45:05 Chain Barding Armor
45:20 Iron Casting
46:39 Plate Barding Armor
48:57 Blast Furnace
hK | Keno_
9:40 Loom
12:07 Feudal Age
16:15 Castle Age
14:31 Double-Bit Axe
17:34 Fletching
20:32 Bodkin Arrow
22:17 Town Watch
24:07 Padded Archer Armor
34:43 Scale Mail Armor
35:46 Wheelbarrow
35:40 Horse Collar
36:19 Bow Saw
44:36 Imperial Age
44:08 Ballistics
45:05 Hand Cart
44:54 Elite Blackwood Archer
45:43 Bracer
47:39 Leather Archer Armor
47:44 Capped Ram
49:58 Chemistry
Connection lost

Rejoining the realm…

Still unreachable

The connection could not be restored.

Session expired

The server has moved on; the page needs a fresh start.